 Dungeon Crawl Stone Soup version 0.19.1 (webtiles) character file.

485 Mefis the Magician (level 6, -4/32 HPs)
             Began as a Deep Elf Wizard on Dec 10, 2016.
             Killed by nerve-wracking pain
             ... invoked by Grinder
              (9 damage)
             ... on level 4 of the Dungeon.
             The game lasted 00:13:28 (3549 turns).

Mefis the Magician (Deep Elf Wizard)                Turns: 3549, Time: 00:13:29

Health: -4/32      AC:  2    Str:  4    XL:     6   Next: 88%
Magic:  10/17      EV: 11    Int: 25    God:
Gold:   172        SH:  0    Dex: 13    Spells: 8 memorised, 2 levels left

rFire  . . .     SeeInvis +     q - +0 rapier
rCold  . . .     Gourm    .     a - +0 robe
rNeg   . . .     Faith    .     (no shield)
rPois  .         Spirit   .     b - +0 hat
rElec  .         Reflect  .     (no cloak)
rCorr  .         Harm     .     (no gloves)
MR     .....                    (no boots)
Stlth  +++.......               o - amulet of regeneration
                                y - -2 ring of evasion (curse)
                                r - ring of see invisible

@: repel missiles
A: no striking features
a: no special abilities


You were on level 4 of the Dungeon.
You were hungry.

You visited 1 branch of the dungeon, and saw 4 of its levels.

You collected 172 gold pieces.

Inventory:

Hand Weapons
 e - a +0 dagger
 n - a cursed -1 hunting sling
 q - a +0 rapier (weapon)
 x - a +2 flail of protection
Missiles
 h - 58 bolts
 l - 40 sling bullets
 w - 15 poisoned needles
Armour
 a - a +0 robe (worn)
 b - a +0 hat (worn)
Jewellery
 o - an amulet of regeneration (around neck)
 r - a ring of see invisible (left hand)
 y - a cursed -2 ring of evasion (right hand)
Wands
 m - a wand of confusion (0/48)
Scrolls
 g - a scroll of teleportation
 p - a scroll of enchant armour {unknown}
 s - a scroll of fear
 u - a scroll of amnesia {unknown}
 v - 2 scrolls of recharging {unknown}
 A - 2 scrolls of fog
 B - 2 scrolls of immolation {unknown}
 E - a scroll of random uselessness {unknown}
 G - a scroll of remove curse {unknown}
 J - a scroll of identify
Potions
 i - 2 potions of curing {unknown}
 j - 2 potions of might {unknown}
 k - a potion of haste {unknown}
 t - 3 potions of mutation {unknown}
 z - 2 potions of resistance {unknown}
 D - a potion of degeneration {unknown}
Books
 c - a book of Minor Magic

   Spells                             Type                      Level
   a - Magic Dart                     Conjuration                  1
   b - Blink                          Translocation                2
   c - Call Imp                       Summoning                    2
   d - Repel Missiles                 Charms/Air                   2
   e - Slow                           Hexes                        2
   f - Conjure Flame                  Conjuration/Fire             3
   g - Mephitic Cloud                 Conjuration/Poison/Air       3
 F - a book of the Dragon

   Spells                             Type                      Level
   a - Flame Tongue                   Conjuration/Fire             1
   b - Cause Fear                     Hexes                        4
   c - Bolt of Fire                   Conjuration/Fire             6
   d - Dragon Form                    Transmutation                7
   e - Dragon's Call                  Summoning                    9
 H - a book of Changes

   Spells                             Type                      Level
   a - Beastly Appendage              Transmutation                1
   b - Sticks to Snakes               Transmutation                2
   c - Spider Form                    Transmutation/Poison         3
   d - Ice Form                       Ice/Transmutation            4
   e - Blade Hands                    Transmutation                5
Comestibles
 d - a bread ration
 f - 2 royal jellies
 C - a beef jerky
 I - 2 meat rations


   Skills:
 + Level 3.6 Dodging
 + Level 4.4 Stealth
 * Level 6.6 Spellcasting
 + Level 2.6 Conjurations
 + Level 1.3 Hexes
 + Level 2.8 Summonings
 - Level 1.1 Translocations
 * Level 0.2 Fire Magic
 + Level 1.9 Air Magic
 + Level 1.5 Poison Magic
 + Level 0.9 Evocations


You had 2 spell levels left.
You knew the following spells:

 Your Spells              Type           Power        Failure   Level  Hunger
a - Magic Dart            Conj           ###.         2%          1    None
b - Call Imp              Summ           ###.....     3%          2    None
c - Blink                 Tloc           N/A          10%         2    None
d - Repel Missiles        Chrm/Air       ##....       10%         2    None
e - Mephitic Cloud        Conj/Pois/Air  ###.....     12%         3    None
f - Conjure Flame         Conj/Fire      ###.....     12%         3    None
g - Slow                  Hex            ###.....     8%          2    None
h - Flame Tongue          Conj/Fire      ###..        4%          1    None


Dungeon Overview and Level Annotations

Branches:
Dungeon (4/15)
 Temple: D:4-7

Altars:
Cheibriados
Dithmenos
Gozag

Annotations:
D:4 Grinder


Message History

Grinder gestures at you. Pain shoots through your body!
* * * LOW HITPOINT WARNING * * *
You swap places.
Your crimson imp barely misses Grinder.
Grinder hits your crimson imp!
You swap places.
Your crimson imp barely misses Grinder.
Your crimson imp hits Grinder.
Grinder hits your crimson imp.
Your crimson imp closely misses Grinder.
Your crimson imp barely misses Grinder.
Grinder hits your crimson imp.
Your crimson imp hits Grinder but does no damage.
Your crimson imp closely misses Grinder.
Grinder misses your crimson imp.
Your crimson imp disappears in a puff of smoke!
Your crimson imp barely misses Grinder.
Grinder blinks!
Your crimson imp disappears in a puff of smoke!
You swap places.
Your crimson imp blinks!
Grinder gestures at you. Pain shoots through your body!
You die...

# #.##############
#....5@.5......#
##########..##.# #..#
############..#
#.........##..#
#.#######.##..# #.#
#....##..##.#.#.####
#.#
#.....#.......#.#...
#.#
#..5..ยง.............


You could see Grinder and a friendly crimson imp.

Vanquished Creatures
  Sigmund (D:3)
  Menkaure (D:4)
  An ogre (D:4)
  A bullfrog skeleton (D:4)
  A worker ant (D:4)
  4 adders
  An ooze (D:4)
  2 worms (D:3)
  5 dart slugs
  A leopard gecko (D:1)
  A ball python (D:3)
  3 giant cockroaches
  7 goblins
  5 hobgoblins
  4 jackals
  4 kobolds
  2 quokkas
  6 bats
  6 frilled lizards
  A jackal skeleton (D:4)
  10 rats
67 creatures vanquished.

Vanquished Creatures (collateral kills)
  Jessica (D:3)
  Terence (D:3)
  A goblin (D:3)
3 creatures vanquished.

Grand Total: 70 creatures vanquished

Notes
Turn   | Place    | Note
-------+----------+-------------------------------------------
     0 | D:1      | Mefis the Deep Elf Wizard began the quest for the Orb.
     0 | D:1      | Reached XP level 1. HP: 10/10 MP: 7/7
   164 | D:1      | Reached XP level 2. HP: 15/15 MP: 5/9
   170 | D:1      | Learned a level 2 spell: Call Imp
   173 | D:1      | Learned a level 2 spell: Blink
   176 | D:1      | Learned a level 2 spell: Repel Missiles
   260 | D:1      | Reached skill level 5 in Spellcasting
   959 | D:2      | Reached XP level 3. HP: 19/19 MP: 5/11
  1367 | D:2      | Reached XP level 4. HP: 24/24 MP: 5/13
  1372 | D:2      | Learned a level 3 spell: Mephitic Cloud
  1379 | D:2      | Learned a level 3 spell: Conjure Flame
  1449 | D:2      | Found an opulent altar of Gozag.
  1797 | D:3      | Noticed Terence
  1852 | D:3      | Killed Terence
  1882 | D:3      | Noticed Sigmund
  1944 | D:3      | Noticed Jessica
  1969 | D:3      | Killed Jessica
  1969 | D:3      | Reached skill level 1 in Air Magic
  2162 | D:3      | Found a snail-covered altar of Cheibriados.
  2242 | D:3      | Killed Sigmund
  2242 | D:3      | Reached skill level 6 in Spellcasting
  2242 | D:3      | Reached skill level 1 in Poison Magic
  2242 | D:3      | Reached XP level 5. HP: 28/28 MP: 6/15
  2342 | D:3      | Reached XP level 6. HP: 32/32 MP: 10/17
  2346 | D:3      | Learned a level 2 spell: Slow
  2850 | D:4      | Noticed Menkaure
  2923 | D:4      | Killed Menkaure
  3105 | D:4      | Reached skill level 1 in Hexes
  3209 | D:4      | Learned a level 1 spell: Flame Tongue
  3210 | D:4      | Noticed a slave
  3210 | D:4      | Noticed a slave
  3210 | D:4      | Noticed a slave
  3216 | D:4      | Found a shadowy altar of Dithmenos.
  3437 | D:4      | Noticed Grinder
  3532 | D:4      | Paralysed by Grinder for 4 turns
  3541 | D:4      | HP: 1/32 [Grinder/nerve-wracking pain (13)]
  3549 | D:4      | Killed from afar by Grinder

Skill      XL: |  1  2  3  4  5  6 |
---------------+-------------------+-----
Spellcasting   | 5 6 |  6.6
Stealth        | 3 4 |  4.4
Conjurations   | 2 |  2.6
Air Magic      | 1 |  1.9
Dodging        | 3 |  3.6
Summonings     | 2 |  2.8
Poison Magic   | 1 |  1.5
Hexes          | 1 |  1.3
Translocations | |  1.1
Fire Magic     | |  0.2
Evocations     | |  0.9

Action                   |  1- 3 |  4- 6 || total
-------------------------+-------+-------++-------
Melee: Dagger            |     1 |       ||     1
       Rapier            |     3 |    20 ||    23
       Flail             |       |     7 ||     7
 Cast: Magic Dart        |    70 |   105 ||   175
       Repel Missiles    |     1 |       ||     1
       Mephitic Cloud    |       |     9 ||     9
       Call Imp          |       |    15 ||    15
       Slow              |       |     6 ||     6
Evoke: Wand              |       |     8 ||     8
  Use: Scroll            |       |     3 ||     3
 Stab: Distracted        |     1 |       ||     1
       Confused          |       |     2 ||     2
  Eat: Chunk             |     1 |     6 ||     7
Armor: Robe              |     3 |     3 ||     6
Dodge: Dodged            |    17 |    17 ||    34
       Deflected         |     2 |     1 ||     3
